Map: Golden Wall LE

Players

GOStephano (Stephano)

  • Race: Zerg Zerg
  • League: Grandmaster
  • Spawn Location: 5:00

soul - Winner!

  • Race: Terran Terran
  • League: Grandmaster
  • Spawn Location: 7:00

Event: DreamHack SC2 Masters 2020 Summer Europe

VOD

Have the link to the VOD?

Description

Time

  • Played on: June 30, 2020, 12:31 p.m.
  • Length: 36:14

All games in this series

Show
View Real Time Build Order
Export as new Build Order

GOStephano Zerg 

Build Orders: Pool First 

Get SALT Encoding   

  12  0:00  Drone  
  13  0:12  Overlord  
  13  0:17  Drone  
  14  0:30  Drone x2  
  16  0:40  Spawning Pool  
  15  0:44  Drone  
  15  0:48  Drone  
  17  1:10  Hatchery  
  16  1:12  Drone  
  17  1:26  Extractor  
  17  1:27  Zergling x4  
  17  1:28  Zergling x2  
  19  1:33  Queen  
  21  1:40  Drone  
  22  1:51  Overlord  
  22  1:59  Extractor  
  22  2:00  Drone  
  23  2:09  Queen  
  23  2:11  Drone  
  26  2:24  Drone  
  26  2:25  Drone  
  28  2:32  Drone  
  28  2:33  Metabolic Boost  
  28  2:41  Drone x4  
  31  2:57  Hatchery  
  29  3:01  Queen  
  29  3:05  Drone  
  32  3:08  Drone  
  32  3:11  Drone  
  34  3:15  Overlord  
  34  3:20  Drone x2  
  36  3:32  Overlord  
  36  3:34  Queen  
  36  3:35  Drone x2  
  36  3:36  Zergling x2  
  36  3:37  Zergling x2  
  42  3:45  Drone x2  
  44  3:54  Drone  
  44  3:55  Drone x5  
  50  3:59  Queen  
  52  4:06  Overlord  
  52  4:10  Zergling x4  
  52  4:11  Drone x2  
  52  4:13  Queen  
  58  4:24  Overlord  
  58  4:25  Drone x3  
  58  4:29  Spore Crawler  
  60  4:32  Drone  
  60  4:34  Zergling x4  
  63  4:39  Drone x2  
  63  4:42  Spore Crawler  
  63  4:43  Drone x5  
  69  4:49  Zergling x4  
  69  4:50  Drone  
  72  4:57  Spore Crawler, Drone x2  
  72  4:58  Evolution Chamber  
  72  5:02  Overlord, Evolution Chamber  
  72  5:03  Overlord  
  71  5:11  Queen  
  73  5:16  Extractor  
  73  5:18  Extractor  
  70  5:24  Zergling x8, Evolution Chamber  
  69  5:39  Drone x7  
  69  5:46  Drone x8  
  69  5:49  Zerg Melee Weapons Level 1, Zerg Ground Armor Level 1  
  75  6:01  Lair  
  75  6:02  Drone x3, Baneling Nest  
  77  6:07  Drone x3  
  78  6:20  Drone x5  
  76  6:26  Hatchery  
  76  6:27  Drone  
  76  6:30  Extractor x2  
  72  6:35  Drone x3  
  72  6:38  Drone  
  76  6:43  Zergling x16  
  84  6:49  Zergling x2  
  85  6:57  Zergling x4  
  87  7:04  Centrifical Hooks, Baneling x6  
  87  7:05  Zergling x2  
  87  7:06  Zergling x4  
  90  7:09  Overlord  
  90  7:10  Overlord x2  
  90  7:15  Overlord x2  
  90  7:25  Overlord  
  90  7:29  Zergling x16  
  102  7:30  Zergling x8  
  102  7:34  Queen x2  
  106  7:37  Zergling x8  
  110  7:47  Zergling x6, Zerg Ground Armor Level 2, Zerg Melee Weapons Level 2  
  110  7:49  Baneling x10  
  106  8:00  Zergling x20  
  106  8:01  Zergling x2  
  110  8:06  Zergling x8  
  113  8:16  Zergling x8  
  117  8:20  Hydralisk Den, Extractor  
  117  8:22  Zergling x4  
  117  8:26  Baneling x10  
  104  8:36  Zergling x22  
  106  8:49  Drone x4, Baneling x3  
  110  9:01  Drone  
  110  9:02  Overlord, Drone x5  
  116  9:03  Muscular Augments  
  116  9:04  Hydralisk x3  
  116  9:06  Hydralisk  
  116  9:07  Infestation Pit  
  123  9:10  Overseer  
  123  9:13  Drone x4  
  127  9:17  Overlord  
  127  9:24  Overlord  
  125  9:32  Hydralisk x3  
  125  9:33  Hydralisk x2  
  125  9:38  Drone x4  
  138  9:53  Hatchery, Hydralisk x6  
  138  9:58  Hive  
  149  10:03  Baneling x6  
  149  10:07  Zergling x6  
  149  10:08  Overlord x2  
  151  10:15  Grooved Spines  
  151  10:26  Overlord  
  151  10:28  Overlord x2  
  149  10:31  Overlord  
  149  10:34  Overlord  
  149  10:39  Overlord, Hydralisk x8  
  149  10:41  Overlord  
  165  10:44  Spore Crawler  
  164  10:54  Overlord  
  160  11:00  Drone x3  
  160  11:01  Hydralisk, Drone x2  
  160  11:02  Hydralisk x5  
  177  11:10  Baneling x5  
  177  11:11  Baneling x3  
  177  11:14  Queen  
  168  11:28  Zergling x26  
  180  11:37  Hydralisk x7  
  186  11:50  Overseer  
  186  11:51  Pneumatized Carapace  
  186  11:52  Zerg Ground Armor Level 3  
  186  11:53  Zerg Melee Weapons Level 3  
  186  11:57  Drone x3  
  186  11:58  Drone x3  
  192  12:09  Zergling x14  
  192  12:12  Baneling  
  192  12:13  Baneling x10  
  192  12:14  Adrenal Glands  
  199  12:18  Zergling x4  
  199  12:29  Zergling x2  
  193  12:30  Zergling x12  
  195  12:37  Zergling x14  
  195  12:43  Zergling x6  
  178  12:48  Hydralisk  
  164  12:53  Hatchery  
  163  13:07  Zergling x14  
  163  13:08  Baneling x11  
  170  13:14  Overlord  
  170  13:15  Overlord  
  170  13:16  Hatchery  
  169  13:22  Zergling x2  
  169  13:23  Zergling x4  
  172  13:38  Zergling x14  
  172  13:39  Zergling x6  
  182  13:48  Zergling x6  
  184  13:54  Zergling x4  
  182  14:08  Drone x3  
  185  14:10  Drone x8  
  185  14:13  Ultralisk Cavern  
  187  14:21  Overlord  
  187  14:34  Zerg Missile Weapons Level 1  
  187  14:36  Viper x2  
  187  14:37  Viper x2  
  199  14:39  Overseer  
  199  14:54  Ultralisk Cavern  
  197  15:00  Spore Crawler  
  195  15:13  Zergling x16  
  195  15:14  Zergling x4  
  200  15:16  Overlord  
  200  15:30  Baneling x11  
  200  15:43  Overlord  
  200  15:45  Hatchery  
  199  15:50  Overseer x2  
  199  15:54  Zergling x2  
  200  15:58  Overlord  
  200  16:07  Chitinous Plating  
  196  16:18  Spore Crawler  
  194  16:27  Zergling x2  
  194  16:28  Zergling x26  
  197  16:49  Zergling x2  
  197  16:50  Zergling x4  
  197  16:52  Baneling x12  
  199  17:10  Overlord  
  197  17:22  Spore Crawler  
  193  17:23  Ultralisk, Spore Crawler x2  
  193  17:26  Anabolic Synthesis  
  185  17:47  Burrow  
  185  17:51  Spore Crawler  
  185  17:52  Spore Crawler  
  185  17:55  Extractor  
  185  17:56  Drone x3, Extractor x2  
  185  17:57  Drone x2  
  185  17:58  Drone, Extractor  
  186  18:02  Overseer  
  185  18:13  Nydus Network  
  185  18:16  Zerg Missile Weapons Level 2  
  183  18:25  Spore Crawler  
  183  18:26  Spine Crawler x2  
  178  18:28  Zergling x32  
  178  18:29  Zergling x10  
  176  18:44  Zergling x50  
  196  18:49  Drone x3  
  196  18:53  Spine Crawler, Spore Crawler  
  196  18:55  Nydus Canal, Spine Crawler  
  196  19:01  Zergling x2, Baneling x11  
  196  19:02  Zergling x4  
  199  19:22  Overlord  
  197  19:25  Zergling x6  
  197  19:30  Drone x2  
  197  19:31  Drone x2  
  200  19:34  Drone x3  
  200  19:35  Drone  
  200  19:37  Overlord  
  188  19:46  Drone  
  188  19:48  Drone  
  188  19:49  Drone x10  
  188  19:51  Hydralisk  
  199  20:01  Spine Crawler  
  199  20:02  Spine Crawler  
  193  20:17  Zergling x14  
  199  20:40  Hatchery  
  199  20:42  Zerg Missile Weapons Level 3  
  190  20:48  Nydus Canal  
  187  20:52  Zergling x26  
  187  20:55  Hatchery  
  195  21:01  Drone x7  
  194  21:08  Drone  
  194  21:09  Drone x4  
  196  21:28  Spore Crawler  
  195  21:33  Extractor  
  195  21:36  Zergling x2  
  195  21:37  Zergling x8  
  196  21:57  Baneling  
  196  21:58  Baneling x8  
  196  22:03  Zergling x6  
  189  22:29  Viper x2  
  154  22:30  Viper  
  154  22:35  Zergling x48  
  143  22:48  Ultralisk  
  143  22:49  Ultralisk x8  
  195  22:53  Nydus Canal  
  195  23:15  Hatchery  
  195  23:18  Zergling x10  
  194  23:30  Zergling x10  
  200  23:40  Overlord  
  198  23:48  Ultralisk x4  
  195  23:52  Overlord  
  195  23:53  Overseer x3  
  195  23:54  Zergling x2  
  195  23:55  Zergling x12  
  186  24:05  Spore Crawler  
  186  24:08  Hydralisk x7  
  145  24:27  Hydralisk x16  
  160  24:34  Hydralisk x3  
  166  24:39  Drone x5  
  164  25:00  Zergling x30  
  164  25:01  Zergling x2  
  177  25:15  Zergling x24  
  188  25:36  Hatchery  
  188  25:39  Zergling x24  
  196  25:54  Zergling x18  
  199  26:02  Zergling x2  
  195  26:12  Hydralisk x3  
  195  26:14  Overlord  
  193  26:22  Zergling x2  
  193  26:23  Zergling x14  
  190  26:34  Viper  
  190  26:35  Viper x2  
  184  26:42  Baneling x9  
  184  26:43  Zergling x30  
  194  27:01  Ultralisk x3  
  199  27:05  Overseer  
  199  27:07  Overseer  
  199  27:10  Zergling x2  
  200  27:22  Hydralisk  
  188  27:37  Drone  
  188  27:38  Drone x5  
  188  27:42  Zergling x18  
  195  28:04  Zergling x28  
  197  28:12  Hydralisk x3  
  134  28:21  Hydralisk x5  
  133  28:28  Hydralisk x5  
  138  28:40  Drone x3  
  141  28:41  Hydralisk  
  141  28:42  Hydralisk x4  
  151  28:52  Viper x2  
  157  29:01  Overlord  
  157  29:02  Overseer  
  157  29:06  Hydralisk x2  
  157  29:08  Zergling x24  
  173  29:43  Hatchery  
  173  29:44  Hydralisk  
  173  29:45  Hydralisk x8  
  187  29:46  Zergling x2  
  187  29:47  Zergling x22  
  196  30:10  Zergling x10  
  196  30:11  Baneling x14  
  192  30:36  Hydralisk x2  
  192  30:37  Hydralisk  
  198  30:50  Zergling x2  
  178  31:15  Hydralisk x9  
  195  31:25  Zergling x4  
  195  31:26  Zergling x6  
  187  31:39  Zergling x2  
  190  31:40  Zergling x18  
  185  31:48  Hydralisk x3  
  187  31:58  Hydralisk x4  
  184  32:12  Hydralisk x6  
  184  32:13  Hatchery  
  193  32:17  Spawning Pool  
  185  33:05  Zergling x2, Overseer  
  185  33:06  Zergling x22  
  196  33:44  Zergling x6  
  199  33:55  Extractor x2  
Show
View Real Time Build Order
Export as new Build Order

soul Terran - Winner!

Build Orders: Gas First Reaper Expand, Liberator Opening 

Get SALT Encoding   

  12  0:00  SCV  
  13  0:12  SCV  
  14  0:17  Supply Depot  
  14  0:25  SCV  
  15  0:30  Refinery  
  15  0:39  SCV  
  16  0:45  Barracks  
  16  0:51  SCV  
  17  1:03  SCV  
  18  1:15  SCV  
  19  1:32  Reaper, Orbital Command  
  20  1:43  Command Center  
  20  1:54  Factory  
  20  1:59  SCV  
  21  2:05  Supply Depot  
  21  2:11  Barracks Reactor  
  21  2:12  SCV  
  22  2:21  Refinery  
  22  2:24  SCV  
  23  2:36  SCV  
  24  2:38  Hellion  
  26  2:48  SCV  
  26  2:50  Barracks Reactor  
  27  2:52  Starport  
  27  3:00  SCV  
  27  3:02  Bunker  
  27  3:03  Hellion  
  31  3:13  Orbital Command  
  31  3:14  SCV  
  31  3:26  SCV  
  34  3:34  Hellion x2  
  34  3:35  Medivac  
  34  3:39  SCV  
  34  3:40  SCV  
  34  3:41  Supply Depot  
  40  3:43  Marine  
  41  3:51  SCV  
  41  3:52  SCV  
  41  3:55  Supply Depot  
  43  3:57  Hellion  
  47  4:03  SCV, Hellion  
  47  4:05  SCV  
  49  4:10  Liberator  
  49  4:15  SCV  
  53  4:17  SCV, Supply Depot, Barracks Tech Lab  
  53  4:19  Widow Mine  
  58  4:24  Widow Mine  
  58  4:30  SCV x2  
  60  4:38  Stimpack  
  59  4:41  Supply Depot  
  59  4:42  SCV  
  60  4:47  Command Center  
  60  4:49  SCV  
  61  4:54  SCV  
  61  4:56  Starport Reactor  
  62  5:01  SCV  
  62  5:03  Factory Tech Lab  
  63  5:07  SCV  
  63  5:11  Barracks  
  63  5:14  SCV, Barracks  
  65  5:17  Engineering Bay x2  
  65  5:18  Marine  
  66  5:22  Refinery x2  
  66  5:23  Siege Tank  
  69  5:31  SCV  
  69  5:34  SCV  
  69  5:36  Marine  
  62  5:43  SCV  
  62  5:44  Starport Reactor  
  62  5:46  SCV  
  62  5:48  Terran Infantry Weapons Level 1  
  62  5:49  Terran Infantry Armor Level 1  
  60  5:55  SCV  
  60  5:56  Marine  
  62  5:57  Supply Depot, Siege Tank  
  62  5:58  SCV, Marine  
  62  5:59  Marine  
  68  6:09  Marine x2  
  70  6:12  SCV  
  70  6:13  Marine  
  70  6:14  Orbital Command  
  70  6:16  Marine  
  70  6:17  Marine  
  74  6:22  SCV  
  71  6:25  Medivac  
  71  6:26  Medivac  
  71  6:27  Marine x2  
  71  6:29  SCV  
  71  6:31  Marine  
  79  6:34  SCV, Combat Shield, Marine  
  81  6:41  Orbital Command  
  81  6:45  SCV, Marine x2  
  84  6:47  Marine  
  84  6:50  Supply Depot  
  84  6:54  Marine, Barracks, Siege Tank  
  88  6:55  SCV, Barracks  
  88  6:56  Marine  
  88  7:00  SCV  
  92  7:07  SCV  
  93  7:09  Supply Depot  
  93  7:10  Marine  
  93  7:11  Supply Depot  
  93  7:14  SCV, Armory  
  93  7:15  SCV, Marine  
  96  7:19  SCV  
  98  7:25  Marine  
  98  7:26  SCV, Medivac x2, Marine  
  98  7:29  SCV  
  106  7:31  SCV, Marine  
  106  7:33  Marine  
  109  7:38  SCV, Marine  
  109  7:41  SCV  
  109  7:43  SCV, Marine  
  114  7:46  Marine  
  114  7:50  Marine  
  110  7:52  Marine  
  110  7:55  Marine  
  108  8:01  Marine  
  108  8:04  Marine  
  108  8:05  SCV  
  107  8:07  SCV  
  107  8:08  Marine  
  107  8:09  SCV  
  107  8:15  Siege Tank  
  107  8:19  SCV  
  112  8:20  SCV  
  112  8:22  Command Center  
  112  8:24  Terran Infantry Armor Level 2, Terran Infantry Weapons Level 2  
  112  8:27  Marine  
  110  8:36  Marine  
  110  8:40  Marine x3  
  97  8:44  Marine  
  97  8:45  Medivac  
  97  8:47  Siege Tank  
  103  8:51  Supply Depot, Factory  
  103  8:53  Refinery, Marine, Sensor Tower  
  104  8:58  Marine x3  
  104  9:02  Barracks Reactor x2, Marine  
  108  9:11  Marine  
  108  9:13  SCV  
  108  9:14  Liberator  
  108  9:15  Liberator  
  108  9:16  Marine x3  
  119  9:17  Terran Vehicle And Ship Armor Level 1  
  119  9:19  SCV  
  119  9:20  Marine  
  121  9:29  Marine  
  121  9:30  Siege Tank  
  125  9:34  Marine x3  
  125  9:37  Factory Tech Lab  
  125  9:38  SCV x2, Marine  
  130  9:39  Supply Depot  
  130  9:40  Supply Depot  
  130  9:44  Marine  
  132  9:47  Marine  
  132  9:52  Marine x3  
  134  9:53  Marine x2  
  134  9:56  Marine x2  
  134  9:58  Command Center  
  138  10:01  Marine  
  138  10:02  Siege Tank  
  138  10:05  Marine  
  143  10:09  Marine x2  
  143  10:12  SCV x2, Planetary Fortress  
  143  10:13  SCV  
  148  10:16  Marine  
  148  10:21  Marine  
  150  10:24  SCV x2, Medivac, Siege Tank  
  150  10:25  SCV  
  150  10:27  Marine x2  
  155  10:31  Marine  
  155  10:34  Siege Tank  
  159  10:37  Medivac  
  159  10:41  Sensor Tower  
  161  10:45  Barracks  
  161  10:47  Barracks  
  161  10:48  Barracks  
  161  10:49  Marine  
  162  10:50  Marine x2  
  162  10:53  Marine x3  
  162  10:54  Medivac  
  164  11:01  Supply Depot x2  
  164  11:02  Supply Depot  
  164  11:03  Refinery  
  164  11:04  Refinery  
  164  11:09  Marine x3, Siege Tank x2  
  173  11:14  SCV x3  
  173  11:21  Marine x6  
  179  11:26  SCV x3  
  179  11:27  Marine x2  
  179  11:30  Marine  
  183  11:38  Command Center  
  183  11:39  Marine  
  183  11:40  Ghost Academy, Barracks Tech Lab x3  
  183  11:42  Siege Tank x2  
  186  11:48  Marine x7  
  186  11:53  Liberator  
  196  11:57  Marine  
  198  12:06  Marine x2  
  200  12:10  Planetary Fortress, Terran Infantry Weapons Level 3, Terran Infantry Armor Level 3  
  199  12:16  Marine  
  200  12:27  Command Center x2, Marine  
  197  12:36  Marine  
  187  12:39  Marine  
  187  12:42  Marine  
  187  12:43  Marine x2  
  158  12:44  Marine x6  
  158  12:48  Marine  
  139  12:51  Siege Tank  
  139  12:54  Marine  
  139  12:56  Siege Tank  
  139  12:57  Marine  
  143  13:00  Marine x3  
  143  13:02  Marine x6  
  152  13:06  Marine  
  152  13:11  Marine  
  154  13:15  Medivac x2, Marine  
  154  13:18  Marine x2  
  161  13:21  Starport, Personal Cloaking  
  161  13:22  Starport  
  161  13:23  Fusion Core, Siege Tank  
  161  13:26  Marine  
  164  13:28  Siege Tank  
  167  13:47  Orbital Command  
  163  13:50  Command Center  
  163  13:53  Planetary Fortress  
  163  13:54  Sensor Tower  
  163  13:55  Command Center, Siege Tank  
  158  13:57  Orbital Command  
  158  13:59  Sensor Tower  
  161  14:13  Ghost x3  
  161  14:15  Ghost, Marine x2  
  161  14:16  Marine  
  169  14:18  Starport Reactor x2  
  169  14:26  Refinery  
  169  14:27  Refinery  
  169  14:29  Advanced Ballistics  
  169  14:30  Marine x2  
  171  14:36  Bunker  
  171  14:38  Widow Mine, Siege Tank  
  173  14:41  Ghost  
  175  14:59  Siege Tank  
  173  15:00  Supply Depot  
  173  15:01  Supply Depot, Ghost, Liberator x2  
  173  15:06  Orbital Command  
  181  15:12  Marine x6  
  172  15:14  Marine x2  
  172  15:15  Command Center, Marauder x3  
  183  15:23  Nuke  
  183  15:25  Command Center  
  183  15:27  Ghost Academy  
  183  15:29  Drilling Claws  
  183  15:30  Marine x4  
  183  15:35  Orbital Command  
  188  15:52  Widow Mine x2  
  188  15:55  Liberator  
  191  15:58  Liberator  
  191  16:02  Nuke  
  194  16:06  Refinery  
  194  16:07  Refinery  
  185  16:25  Ghost  
  183  16:30  Command Center  
  183  16:31  Siege Tank  
  182  16:37  Liberator  
  185  16:45  Ghost, Orbital Command  
  187  16:47  Ghost  
  187  16:48  Missile Turret  
  187  16:49  Missile Turret, Liberator  
  187  16:52  Sensor Tower  
  187  16:53  Ghost  
  194  17:08  Command Center  
  194  17:13  Ghost  
  194  17:14  Ghost  
  192  17:17  Command Center, Liberator x3  
  196  17:36  Liberator x2  
  196  17:39  Liberator  
  199  17:59  Terran Vehicle And Ship Armor Level 2  
  199  18:20  Nuke x2  
  197  18:33  Liberator  
  200  18:36  Liberator  
  200  18:44  Medivac  
  200  18:47  Orbital Command  
  195  19:01  Widow Mine x2  
  199  19:03  Enhanced Shockwaves, Marine  
  195  19:25  Marine, Liberator  
  195  19:26  Marine  
  195  19:31  Marine  
  200  19:37  Marine  
  200  19:38  Marine x2  
  192  19:45  Marauder x3, Marine  
  196  19:51  Orbital Command  
  196  19:52  Barracks x2  
  196  19:54  Marine, Liberator  
  196  19:57  Marine  
  198  20:06  Marauder  
  200  20:07  Ghost Academy  
  200  20:09  Ghost Academy  
  200  20:15  Terran Ship Weapons Level 1  
  198  20:23  Ghost Academy  
  198  20:24  Ghost Academy  
  198  20:27  Ghost  
  200  20:38  Ghost x2  
  200  20:39  Marine  
  188  20:50  Marine x4  
  188  20:52  Marine  
  188  20:54  Missile Turret x2, Marine  
  188  20:56  Marauder, Missile Turret x2  
  196  20:58  Marine x3  
  196  21:03  Nuke x2  
  198  21:04  Nuke  
  198  21:07  Barracks Tech Lab x2  
  198  21:08  Marauder  
  197  21:29  Marauder  
  196  21:33  Marine  
  197  21:50  Marauder  
  199  21:54  Starport  
  199  21:55  Starport  
  193  22:28  Marine x6  
  173  22:30  Liberator  
  173  22:31  Marauder, Marine  
  173  22:32  Marine  
  173  22:33  Marauder, Marine x2  
  173  22:36  Liberator  
  152  22:46  Marine x6  
  152  22:47  Liberator x2  
  152  22:48  Widow Mine, Marine  
  152  22:49  Widow Mine  
  152  22:50  Marine x3  
  169  22:52  Marine  
  169  22:54  Marauder  
  172  23:04  Marine x6  
  174  23:06  Marine  
  174  23:09  Marauder x3  
  174  23:10  Marauder, Widow Mine  
  185  23:15  Marine  
  185  23:18  Widow Mine  
  188  23:21  Marine, Nuke x2  
  188  23:22  Marine x2  
  178  23:28  Marine x2, Liberator  
  178  23:29  Liberator  
  178  23:30  Marauder x2  
  188  23:34  Widow Mine, Marine x2  
  188  23:36  Marauder, Marine x2  
  188  23:40  Widow Mine  
  196  23:42  Marine  
  193  23:49  Liberator  
  199  23:55  Widow Mine  
  199  24:02  Nuke x3  
  197  24:03  Widow Mine  
  199  24:11  Ghost  
  199  24:12  Barracks Tech Lab  
  195  24:17  Widow Mine  
  179  24:24  Ghost  
  179  24:26  Ghost  
  179  24:27  Ghost  
  179  24:28  Liberator x2  
  191  24:38  Medivac  
  191  24:44  Planetary Fortress  
  193  24:49  Medivac  
  195  25:06  Refinery  
  195  25:08  Medivac, Refinery  
  195  25:11  Medivac  
  199  25:31  Command Center x2  
  199  25:33  Command Center  
  197  25:39  Missile Turret  
  185  25:59  Widow Mine  
  185  26:00  Widow Mine  
  185  26:02  Missile Turret  
  188  26:06  Medivac  
  188  26:09  Ghost x4  
  191  26:19  Orbital Command  
  191  26:21  Widow Mine x2  
  180  26:30  Marine x2  
  174  26:33  Medivac  
  174  26:36  Medivac  
  178  26:42  Widow Mine x2  
  175  26:54  Marine  
  175  26:58  Ghost  
  175  26:59  Ghost x2  
  164  27:01  Liberator x2  
  164  27:04  Widow Mine  
  172  27:12  Liberator  
  175  27:24  Ghost  
  175  27:26  Widow Mine  
  175  27:27  Ghost x3  
  184  27:30  Widow Mine  
  184  27:35  Refinery  
  184  27:36  Missile Turret  
  184  27:39  Refinery  
  184  27:41  Marine x6  
  187  27:48  Widow Mine  
  191  27:51  Widow Mine  
  191  27:53  Ghost  
  191  27:56  Marauder, Marine x2  
  197  27:58  Marine  
  197  27:59  Marine x2  
  193  28:09  Widow Mine  
  193  28:10  Marine  
  170  28:13  Widow Mine  
  170  28:14  Marauder  
  170  28:15  Liberator  
  170  28:16  Starport Reactor, Liberator  
  170  28:19  Planetary Fortress  
  167  28:25  Marine  
  167  28:26  Marauder x2, Marine x2  
  171  28:30  Widow Mine  
  175  28:34  Widow Mine  
  175  28:39  Marauder x2  
  176  28:45  Missile Turret x2  
  176  28:47  Marauder x2, Barracks x3  
  176  28:48  Missile Turret, Sensor Tower  
  176  28:52  Orbital Command, Widow Mine  
  180  28:55  Widow Mine  
  180  28:58  Liberator x2  
  180  29:00  Marauder x2  
  190  29:13  Widow Mine  
  190  29:14  Ghost x2  
  198  29:17  Widow Mine  
  198  29:21  Ghost  
  200  29:24  Starport  
  200  29:25  Starport x2  
  197  29:32  Terran Ship Weapons Level 2  
  197  29:41  Liberator  
  197  29:43  Ghost  
  199  29:46  Missile Turret  
  199  29:49  Missile Turret x2, Sensor Tower  
  199  29:51  Missile Turret  
  199  29:52  Missile Turret  
  199  30:05  Planetary Fortress  
  196  30:15  Command Center  
  196  30:16  Refinery  
  196  30:17  Refinery  
  196  30:18  Command Center  
  196  30:20  Command Center  
  190  30:27  Starport Reactor  
  190  30:35  Ghost x4  
  198  30:44  Nuke x2  
  198  30:59  Concussive Shells  
  198  31:03  Ghost  
  198  31:04  Ghost  
  196  31:11  Marauder  
  196  31:12  Marauder  
  196  31:34  Marauder, Marine  
  196  31:35  Marine  
  200  31:44  Marauder  
  200  31:48  Terran Vehicle And Ship Armor Level 3  
  200  31:51  Marine, Nuke  
  191  32:09  Marauder, Marine  
  191  32:11  Marauder x3, Marine  
  197  32:19  Orbital Command  
  197  32:20  Planetary Fortress  
  197  32:22  Orbital Command x2  
  197  32:30  Marauder  
  195  32:44  Marine  
  195  32:45  Marauder  
  195  32:50  Marauder  
  200  33:00  Widow Mine  
  200  33:04  Orbital Command  
  199  33:36  Nuke  
  199  33:41  Orbital Command  
  199  33:46  Refinery  
  192  34:33  Widow Mine  
  192  34:34  Widow Mine  
  192  34:36  Liberator x5  
  192  34:38  Medivac x2  
  199  34:48  Refinery  
  199  34:51  Sensor Tower  
  199  34:52  Missile Turret  
  199  34:57  Command Center  
  196  35:21  Barracks  
  196  35:22  Barracks  
  196  35:25  Barracks  
  182  35:50  Marine  
  182  35:55  Marine x3  
Tags
 
Add a new tag
Caveats
  • Supply blocks, unpowered buildings, or Contaminate may cause inaccurate times.
  • Supply counts are checked every 10 seconds.